 Dungeon Crawl Stone Soup version 0.30-a0-802-gb92711bcdf (webtiles) character file.

Game seed: 3785625874728271235

634 bande the Chopper (level 7, -1/44 HPs)
             Began as a Gargoyle Fighter on Feb 24, 2023.
             Killed from afar by Ijyb (10 damage)
             ... with a puff of flame
             ... on level 4 of the Dungeon.
             The game lasted 00:03:48 (2967 turns).

bande the Chopper (Gargoyle Fighter)                Turns: 2967, Time: 00:03:48

Health: -1/44      AC: 13    Str: 19    XL:     7   Next: 49%
Magic:  7/7        EV:  9    Int:  9    God:
Gold:   156        SH:  4    Dex: 11    Spells: 6/6 levels left

rFire   . . .      SeeInvis .    a - +0 war axe
rCold   . . .      Faith    .    c - +0 buckler
rNeg    + . .      Spirit   .    b - +0 scale mail
rPois   ∞          Reflect  .    (no helmet)
rElec   +          Harm     .    n - +0 cloak
rCorr   .          Rampage  .    (no gloves)
Will    .....                    (no boots) Stlth
                                 (no amulet)
HPRegen 0.27/turn                (no ring)
MPRegen 0.10/turn                (no ring)

@: no status effects
A: sickness immunity, AC +4, negative energy resistance 1, electricity
resistance, torment resistance 1, petrification resistance
a: no special abilities


You were on level 4 of the Dungeon.
You visited 1 branch of the dungeon, and saw 4 of its levels.

You collected 156 gold pieces.

Inventory:

Hand Weapons
 a - a +0 war axe (weapon)
 k - a +0 war axe
Armour
 b - a +0 scale mail (worn)
 c - a +0 buckler (worn)
 n - a +0 cloak (worn)
Scrolls
 f - 2 scrolls of noise {unknown}
 g - 2 scrolls of identify {unknown}
 h - 2 scrolls of silence {unknown}
 j - a scroll of teleportation {unknown}
 m - a scroll of fear {unknown}
Potions
 d - a potion of might
 e - 3 potions of curing {unknown}
 i - a potion of haste {unknown}
 l - a potion of invisibility {unknown}
 o - a potion of heal wounds {unknown}


   Skills:
 + Level 4.9 Fighting
 + Level 5.4 Axes
 + Level 5.0 Armour
 + Level 4.3 Shields


You had 6 spell levels left.
You didn't know any spells.
Your spell library contained the following spells:

 Spells                   Type           Power      Damage    Failure   Level
 Sandblast                Erth           0%         2d4       83%         1
 Summon Small Mammal      Summ           0%         N/A       83%         1
 Blink                    Tloc           0%         N/A       92%         2
 Passwall                 Tmut/Erth      0%         N/A       92%         2
 Call Canine Familiar     Summ           0%         N/A       99%         3
 Stone Arrow              Conj/Erth      0%         3d7       99%         3
 Summon Guardian Golem    Hex/Summ       0%         N/A       99%         3
 Manifold Assault         Tloc           0%         N/A       100%        4
 Orb of Destruction       Conj           0%         9d5       100%        7
 Spellforged Servitor     Conj/Summ      0%         N/A       100%        7
 Storm Form               Tmut/Air       0%         N/A       100%        7


Dungeon Overview and Level Annotations

Branches:
Dungeon (4/15)
 Temple: D:4-7

Altars:
Vehumet

Shops:
D:2 =

Annotations:
D:4 Ijyb


Innate Abilities, Weirdness & Mutations

You are immune to sickness and miasma.
Your stone body is resilient. (AC +4)
You are immune to poison.
You resist negative energy. (rN+)
You are resistant to electric shocks. (rElec)
You are resistant to unholy torment.
You are immune to petrification.


Message History

The hound is lightly wounded.
You hit Ijyb but do no damage. You hit the hobgoblin.
You block the hound's attack. Ijyb hits you but does no damage.
The hobgoblin hits you. You block Ijyb's attack.
The hobgoblin closely misses you. The hound bites you.
You hit the hobgoblin but do no damage.
The hobgoblin is severely wounded.
You closely miss Ijyb. You slash the hound! The hound barely misses you.
The hobgoblin hits you but does no damage.
Ijyb zaps a wand.
The puff of flame hits you. The hound closely misses you.
You are too injured to fight recklessly!
You are too injured to fight recklessly!
You are too injured to fight recklessly!
You are too injured to fight recklessly!
You are too injured to fight recklessly!
You are too injured to fight recklessly!
Unknown command.
You hit Ijyb but do no damage. You miss the hound.
You hit the hobgoblin but do no damage. The hound bites you but does no damage.
The hobgoblin closely misses you. Ijyb barely misses you.
Unknown command.
You hit Ijyb but do no damage. You hit the hound.
You barely miss the hobgoblin. The hound barely misses you.
The hobgoblin closely misses you. Ijyb closely misses you.
The hound bites you but does no damage.
The hobgoblin hits you but does no damage.
Ijyb hits you with a +0 club.
You hit Ijyb but do no damage. You hit the hobgoblin.
You kill the hobgoblin!
You slash the hound!
You kill the hound!
Ijyb hits you with a +0 club.
Your Armour skill increases to level 5!
Unknown command.
You miss Ijyb.
Ijyb zaps a wand.
The puff of flame hits you!
* * * LOW HITPOINT WARNING * * *
Unknown command.
You barely miss Ijyb. You block Ijyb's attack.
You hit Ijyb but do no damage.
Ijyb zaps a wand.
The puff of flame hits you!
You die...

#...........#
###.........# .
#.........#####
.###.............######
.......................
[.................####
..........##......#
.....).........?..#
#........#####..@.#
#........# #..g.#
#........# ##.....
#........# #.......
#####..### #........#
##....## #........#
.....## .........#
.....## .........#
.........


You could see Ijyb.

Vanquished Creatures
  Grinder (D:4)
  2 ogres
  A necrophage (D:4)
  A hound (D:4)
  Natasha (D:2)
  7 adders
  A white imp (D:3)
  2 ufetubi (D:4)
  A worm (D:2)
  2 dart slugs
  An orc (D:3)
  6 endoplasms
  4 giant cockroaches
  3 goblins
  8 hobgoblins
  4 jackals (D:1)
  5 quokkas
  4 ball pythons
  4 bats
  3 frilled lizards
  5 kobolds
  4 rats
70 creatures vanquished.

Notes
Turn   | Place    | Note
-------+----------+-------------------------------------------
     0 | D:1      | bande the Gargoyle Fighter began the quest for the Orb.
     0 | D:1      | Reached XP level 1. HP: 14/14 MP: 1/1
   212 | D:1      | Reached XP level 2. HP: 19/19 MP: 2/2
   490 | D:1      | Reached XP level 3. HP: 22/23 MP: 3/3
  1231 | D:2      | Noticed Natasha
  1239 | D:2      | Killed Natasha
  1240 | D:2      | Reached XP level 4. HP: 25/29 MP: 4/4
  1291 | D:2      | Found Puacaesch's Jewellery Shop.
  1875 | D:3      | Noticed an ogre
  1881 | D:3      | Killed an ogre
  1882 | D:3      | Reached XP level 5. HP: 8/33 MP: 5/5
  2320 | D:3      | Found a radiant altar of Vehumet.
  2509 | D:4      | Reached XP level 6. HP: 38/38 MP: 6/6
  2546 | D:4      | Noticed Grinder
  2556 | D:4      | Paralysed by Grinder for 3 turns
  2563 | D:4      | Paralysed by Grinder for 5 turns
  2578 | D:4      | Killed Grinder
  2579 | D:4      | Reached XP level 7. HP: 15/44 MP: 7/7
  2584 | D:4      | Reached skill level 5 in Axes
  2951 | D:4      | Noticed Ijyb
  2965 | D:4      | Reached skill level 5 in Armour
  2967 | D:4      | Killed from afar by Ijyb

Illustrated notes

Levels and vault maps discovered:
D:1:      lightli_molten_gateway, layout_loops_ring
D:2:      layout_loops_corners, serial_shops, shop_statue, grunt_ministairs_4,
          uniq_natasha
D:3:      layout_rooms, nicolae_vehumet_radiance
D:4:      layout_basic, kennysheep_cross_bottleneck, uniq_grinder, uniq_ijyb

Skill      XL: |  1  2  3  4  5  6  7 |
---------------+----------------------+-----
Axes           | 2 3 4 5 |  5.4
Armour         | 4 5 |  5.0
Fighting       | 4 |  4.9
Shields        | 4 |  4.3

Action                     |  1- 3 |  4- 6 |  7- 9 || total
---------------------------+-------+-------+-------++-------
  Melee: War axe           |    94 |   104 |    31 ||   229
 Armour: Scale mail        |    51 |    65 |    27 ||   143
  Dodge: Dodged            |    63 |    45 |    16 ||   124
  Block: Buckler           |    21 |    27 |    12 ||    60

Table legend: (Time is in decaauts)
 A = Elapsed time spent in this place.
 B = Non-inter-level travel time spent in this place.
 C = Inter-level travel time spent in this place.
 D = Time resting spent in this place.
 E = Time spent auto-exploring this place.
 F = Levels seen in this place.
 G = Mean time per level.
                   A        B        C        D        E       F      G
               +--------+--------+--------+--------+--------+-----+--------+
         Total |   3054 |   2991 |     63 |    457 |   1885 |   4 |  763.5 |
       Dungeon |   3054 |   2991 |     63 |    457 |   1885 |   4 |  763.5 |
               +--------+--------+--------+--------+--------+-----+--------+

Top non-repeatable levels by time:
     D:2: 941 daAuts
     D:3: 879 daAuts
     D:1: 733 daAuts
     D:4: 500 daAuts
